Map: Orbital Shipyard

Players

RepOduCK - Winner!

  • Race: Zerg Zerg
  • League: Diamond

Wellmet

  • Race: Terran Terran
  • League: Master

VOD

Have the link to the VOD?

Description

Time

  • Played on: Nov. 15, 2015, 1:51 a.m.
  • Length: 14:02
Show
View Real Time Build Order
Export as new Build Order

RepOduCK Zerg - Winner!

Build Orders: Hatch First, Muta Ling Bane 

Get SALT Encoding   

  12  0:00  Drone  
  13  0:12  Overlord  
  13  0:18  Drone  
  14  0:31  Drone x2  
  16  0:49  Hatchery  
  15  0:52  Drone  
  15  0:55  Drone  
  17  1:09  Spawning Pool  
  16  1:12  Drone  
  16  1:15  Drone  
  18  1:20  Extractor  
  18  1:22  Drone  
  18  1:29  Drone  
  19  1:39  Overlord  
  19  1:50  Overlord  
  19  1:56  Queen  
  19  2:00  Queen  
  23  2:01  Zergling x2  
  23  2:03  Zergling x2  
  25  2:14  Zergling x2  
  25  2:15  Drone  
  27  2:23  Drone x2  
  27  2:24  Metabolic Boost  
  29  2:36  Drone x2  
  31  2:40  Queen  
  33  2:45  Drone x2  
  35  2:56  Drone x2  
  37  3:06  Overlord  
  37  3:07  Drone  
  37  3:12  Drone x2  
  40  3:22  Hatchery, Queen  
  40  3:23  Overlord  
  41  3:29  Drone x2  
  41  3:30  Drone  
  44  3:38  Roach Warren  
  44  3:39  Drone x2  
  45  3:48  Drone x3  
  48  3:57  Drone x3  
  48  4:00  Lair  
  51  4:09  Extractor  
  50  4:10  Overlord  
  50  4:11  Drone x2  
  50  4:12  Drone x2  
  50  4:14  Extractor  
  50  4:15  Extractor  
  52  4:20  Queen  
  52  4:21  Overlord  
  53  4:28  Overlord  
  53  4:30  Roach x4  
  61  4:40  Queen  
  61  4:41  Overlord  
  61  4:42  Drone x2  
  61  4:43  Drone  
  66  4:54  Drone x2  
  66  4:55  Drone x2  
  70  5:00  Drone x2  
  70  5:01  Evolution Chamber  
  70  5:04  Evolution Chamber  
  68  5:15  Spire  
  68  5:16  Drone x2  
  68  5:18  Roach  
  68  5:19  Roach x2  
  75  5:23  Drone x3  
  78  5:32  Zerg Ground Armor Level 1, Zerg Melee Weapons Level 1  
  78  5:34  Drone  
  79  5:44  Drone x6  
  79  5:45  Drone  
  86  5:57  Drone x2  
  87  6:00  Baneling Nest  
  87  6:01  Drone x4, Extractor x2  
  87  6:02  Overlord  
  87  6:03  Overlord  
  89  6:34  Overlord  
  89  6:41  Overlord x2  
  89  6:42  Mutalisk x8  
  89  6:45  Zergling x2  
  106  6:53  Drone  
  106  6:54  Hatchery, Drone x2  
  109  6:56  Drone x3  
  109  7:00  Zerg Flyer Weapons Level 1  
  111  7:06  Pneumatized Carapace  
  111  7:15  Zergling x8  
  115  7:20  Zergling x4  
  115  7:21  Zergling x6  
  120  7:24  Baneling x2  
  120  7:27  Zergling x8  
  124  7:35  Baneling x5  
  124  7:41  Zergling x10  
  125  7:54  Mutalisk x5  
  129  8:01  Overlord  
  129  8:05  Overlord  
  129  8:12  Centrifical Hooks  
  128  8:13  Zerg Ground Armor Level 2, Zerg Melee Weapons Level 2  
  128  8:20  Overlord, Queen  
  128  8:21  Hatchery, Drone x4  
  128  8:22  Drone x3  
  136  8:27  Overseer  
  136  8:28  Overseer  
  136  8:29  Overlord  
  136  8:30  Zergling x4  
  138  8:39  Drone x5  
  138  8:40  Drone  
  144  8:42  Extractor  
  144  8:45  Extractor  
  144  8:47  Mutalisk x3  
  148  8:48  Hatchery  
  148  8:50  Overlord  
  147  8:56  Baneling x2  
  147  8:57  Baneling x2  
  147  9:05  Overlord  
  147  9:10  Overlord, Zergling x2  
  147  9:11  Zergling x10  
  151  9:30  Overlord  
  150  9:31  Drone x3  
  150  9:32  Drone x3  
  150  9:37  Overlord  
  152  9:50  Overseer  
  152  9:54  Mutalisk x2  
  152  9:55  Mutalisk x4  
  152  9:57  Zerg Flyer Weapons Level 2  
  152  9:58  Extractor  
  163  10:01  Extractor  
  162  10:14  Zergling x8  
  162  10:15  Zergling x16  
  162  10:17  Overlord x2  
  174  10:22  Queen  
  174  10:23  Overlord  
  176  10:30  Zergling x2  
  176  10:31  Zergling x14  
  172  10:36  Baneling  
  172  10:37  Baneling x29  
  172  10:38  Zergling x8, Baneling x3  
  172  10:39  Zergling x2  
  172  10:40  Overlord, Queen  
  177  10:45  Zergling x6  
  179  10:51  Zergling x10  
  179  10:56  Zergling x6  
  185  10:59  Zergling x2  
  141  11:12  Mutalisk  
  141  11:13  Mutalisk x5  
  141  11:16  Zergling x4  
  126  11:29  Mutalisk x6  
  132  11:45  Roach  
  132  11:46  Roach x6  
  144  12:02  Drone x5  
  144  12:03  Drone x4  
  144  12:05  Mutalisk x5  
  144  12:06  Mutalisk x2, Infestation Pit  
  166  12:11  Zergling x2  
  166  12:12  Zergling x14  
  166  12:14  Zergling x4  
  176  12:18  Queen  
  176  12:22  Zergling x10  
  181  12:23  Zergling x4  
  181  12:25  Zergling x2  
  183  12:36  Zergling x14  
  181  12:42  Zergling x2  
  181  12:43  Zergling x8  
  181  12:44  Baneling x6  
  171  12:52  Zergling x6  
  171  12:53  Zergling x14  
  171  12:54  Zergling x2  
  171  12:57  Spore Crawler  
  173  13:01  Spore Crawler  
  173  13:02  Spore Crawler  
  173  13:03  Spore Crawler x2  
  164  13:06  Zergling x10  
  164  13:09  Zergling x6  
  164  13:10  Baneling x4  
  164  13:12  Baneling x3  
  158  13:13  Zergling x4, Baneling x9  
  158  13:16  Zergling x4  
  158  13:17  Zergling x2  
  155  13:26  Zergling x10  
  147  13:30  Zergling x2  
  147  13:33  Zergling x8  
  143  13:41  Zergling x2  
Show
View Real Time Build Order
Export as new Build Order

Wellmet Terran 

Build Orders: Reaper Expand, MMM Bio 

Get SALT Encoding   

  12  0:01  SCV  
  13  0:13  SCV  
  14  0:17  Supply Depot  
  14  0:25  SCV  
  15  0:39  SCV  
  15  0:41  Barracks  
  16  0:46  Refinery  
  16  0:51  SCV  
  17  1:03  SCV  
  18  1:15  SCV  
  19  1:29  Orbital Command  
  19  1:30  Reaper  
  20  1:43  Command Center  
  20  1:56  SCV  
  20  2:00  Supply Depot  
  21  2:07  Barracks Reactor  
  21  2:08  SCV  
  22  2:21  SCV  
  23  2:31  Factory  
  23  2:34  SCV  
  24  2:44  Command Center  
  24  2:46  SCV  
  24  2:49  Marine x2  
  27  2:58  Orbital Command  
  27  3:02  SCV  
  27  3:03  Refinery  
  28  3:14  SCV  
  28  3:17  Starport  
  29  3:20  Barracks Tech Lab  
  29  3:22  Hellion  
  29  3:25  Hellion  
  33  3:27  SCV  
  33  3:32  SCV  
  35  3:39  SCV  
  35  3:40  Marauder  
  38  3:44  SCV  
  39  3:49  Stimpack  
  39  3:51  SCV  
  39  3:53  Hellion  
  42  3:57  Hellion  
  42  3:59  Orbital Command  
  42  4:02  SCV  
  45  4:03  SCV  
  45  4:06  Marauder  
  48  4:11  Viking  
  48  4:14  SCV  
  51  4:19  Hellion  
  51  4:21  Hellion  
  51  4:23  SCV  
  56  4:26  SCV  
  56  4:27  SCV  
  56  4:29  Marauder  
  60  4:37  Supply Depot  
  60  4:42  Supply Depot, SCV  
  60  4:44  Starport Reactor  
  61  4:46  Orbital Command  
  61  4:52  Factory Reactor  
  61  4:58  Barracks  
  61  4:59  SCV x2, Barracks  
  63  5:00  Barracks  
  63  5:01  Marauder  
  65  5:11  SCV x2  
  65  5:15  Refinery  
  65  5:16  SCV, Engineering Bay x2  
  65  5:17  Refinery  
  66  5:23  SCV  
  66  5:24  SCV  
  68  5:28  SCV  
  68  5:29  Marauder  
  68  5:31  Starport Reactor  
  68  5:35  SCV  
  72  5:38  SCV, Factory Tech Lab  
  72  5:40  SCV  
  71  5:47  SCV  
  72  5:50  SCV  
  72  5:52  Combat Shields, SCV  
  74  5:57  Marine x3  
  74  5:58  Bunker  
  74  6:01  Terran Infantry Weapons Level 1  
  74  6:02  Terran Infantry Armor Level 1  
  77  6:05  Supply Depot  
  77  6:10  Supply Depot  
  77  6:16  SCV x2, Medivac, Marine x3  
  77  6:18  Marine  
  85  6:22  Supply Depot  
  85  6:24  Supply Depot  
  85  6:27  Marauder, Medivac, Siege Tank, Marine  
  85  6:31  Marine  
  94  6:39  Supply Depot, Marine x3  
  94  6:45  SCV x3  
  94  6:46  Barracks  
  98  6:47  Barracks  
  98  6:48  Barracks  
  98  6:50  Supply Depot  
  98  6:51  Medivac  
  98  6:52  Marine x2  
  98  6:53  Marine  
  103  6:57  Medivac  
  103  7:01  Armory, Missile Turret  
  105  7:02  Marine x2  
  105  7:06  Missile Turret  
  105  7:07  Marauder  
  109  7:10  Missile Turret  
  109  7:12  Siege Tank  
  109  7:14  Marine x2  
  114  7:21  Medivac, Marine x2  
  114  7:22  Marine  
  119  7:32  Marine  
  119  7:33  Marine x2  
  119  7:34  Barracks Reactor  
  121  7:37  Barracks Tech Lab  
  121  7:38  Barracks Reactor  
  121  7:41  Marine x2  
  121  7:43  Marine x2  
  120  7:46  Widow Mine, Liberator x2  
  113  7:54  Command Center  
  113  7:57  Marine  
  113  7:58  Marine x2  
  99  7:59  Marine x2  
  104  8:08  Marine x2  
  104  8:10  Marine x2  
  104  8:11  Concussive Shells, Marine  
  96  8:15  Siege Tank, Marine x2  
  97  8:22  Refinery, Marine x2  
  97  8:23  Marine  
  97  8:24  Marine  
  97  8:25  Missile Turret  
  97  8:26  Marauder, Marine x2  
  104  8:27  Refinery  
  104  8:28  Marine  
  104  8:30  Marine x2  
  107  8:34  Marine x2  
  107  8:38  Supply Depot  
  107  8:40  Marine x2  
  111  8:43  Marine  
  111  8:48  Marauder  
  114  8:49  Marine x3  
  114  8:50  Marauder  
  125  8:56  Terran Infantry Weapons Level 2, Terran Infantry Armor Level 2  
  125  8:57  Missile Turret, Marine x2  
  125  8:58  Marine x2  
  125  9:02  Medivac  
  125  9:06  Marine  
  125  9:08  Liberator  
  125  9:12  Marine x2  
  125  9:15  Marine x2  
  128  9:23  Marine x2  
  128  9:24  Marauder x2, Marine  
  134  9:25  Siege Tank  
  134  9:30  SCV x2  
  136  9:33  Supply Depot, Liberator  
  136  9:35  Missile Turret  
  136  9:36  SCV  
  136  9:38  Missile Turret, Marine x3  
  139  9:42  SCV  
  139  9:43  Marine x3  
  137  9:47  Marine x3  
  143  9:53  Missile Turret  
  143  9:57  Supply Depot  
  143  9:58  Planetary Fortress  
  143  9:59  Marine x2  
  144  10:06  SCV x2  
  144  10:07  Marine x2  
  147  10:10  Marine  
  147  10:11  Starport, Marine x2  
  147  10:13  Liberator  
  152  10:17  Marine  
  152  10:18  Marine x2  
  155  10:23  Liberator  
  155  10:25  Marine  
  155  10:26  Command Center  
  158  10:37  Marine x2  
  158  10:42  Marine x2  
  165  10:55  Marine  
  165  10:56  Marine x2, Liberator  
  168  10:59  Marine x2  
  168  11:00  Marine x2  
  164  11:04  Starport Reactor  
  164  11:05  Starport  
  164  11:06  Liberator  
  125  11:16  Marine x2  
  125  11:17  Marauder x2, Marine x2  
  111  11:20  Siege Tank  
  111  11:24  Marine  
  111  11:25  Marine x2  
  105  11:31  Marine x2  
  104  11:35  Marine, Liberator  
  104  11:36  Marine x2  
  104  11:38  Liberator, Marauder  
  109  11:41  Marine  
  109  11:42  Marine  
  109  11:44  Marine x3  
  109  11:45  Marauder  
  113  11:48  Liberator  
  113  11:51  Starport Tech Lab  
  113  11:52  Siege Tank  
  113  11:53  Marine x2  
  124  12:02  Marine  
  124  12:05  SCV  
  124  12:07  Missile Turret  
  124  12:08  Refinery  
  129  12:10  Marine x3  
  129  12:11  Marine  
  129  12:15  Liberator x2  
  132  12:19  Marine  
  132  12:20  Marine x6  
  139  12:22  SCV  
  139  12:23  SCV  
  139  12:24  Marine  
  139  12:28  Marine  
  142  12:33  Marine x3  
  148  12:37  Marine  
  148  12:39  Command Center, Marine x3  
  148  12:42  SCV x3  
  142  12:51  Marine x2  
  132  12:54  Marine x2  
  132  12:57  Marine x2  
  123  13:00  Marine x3  
  123  13:01  Marine  
  123  13:03  Marine  
  116  13:07  Marine  
  116  13:09  Marine  
  100  13:13  Marine x2  
  100  13:17  Marine  
  94  13:20  Marine  
  94  13:26  Marine  
  79  13:27  Marine  
  79  13:33  Marine  
  64  13:37  Marine  
  64  13:38  Marine  
  64  13:40  Marine  
Tags
 
Add a new tag
Caveats
  • Supply blocks, unpowered buildings, or Contaminate may cause inaccurate times.
  • Supply counts are checked every 10 seconds.